 Dungeon Crawl Stone Soup version 0.29.1-12-g30fa7ad0bf (webtiles) character file.

Game seed: 11724987059539415288

130 sneakypete the Chopper (level 4, -1/33 HPs)
             Began as a Demonspawn Gladiator on Jan 12, 2023.
             Was a Follower of Okawaru.
             Slain by an orc
             ... wielding a +2 vorpal flail
              (5 damage)
             ... on level 3 of the Dungeon.
             The game lasted 00:17:09 (2927 turns).

sneakypete the Chopper (Demonspawn Gladiator)       Turns: 2927, Time: 00:17:10

Health: -1/33      AC:  9    Str: 17    XL:     4   Next: 89%
Magic:  13/13      EV:  9    Int:  9    God:    Okawaru [*.....]
Gold:   121        SH:  0    Dex: 14    Spells: 3/3 levels left

rFire   . . .      SeeInvis .   a - +0 war axe
rCold   . . .      Faith    .   (no shield)
rNeg    . . .      Spirit   .   h - +0 chain mail
rPois   .          Reflect  .   (helmet restricted)
rElec   .          Harm     .   (no cloak)
rCorr   .          Rampage  .   (no gloves)
Will    .....                   s - +0 pair of boots
Stlth   ..........              (no amulet)
HPRegen 0.11/turn               q - ring of magical power
MPRegen 0.13/turn               (no ring)

@: flying
A: antennae 1, sturdy frame 1
a: Renounce Religion, Heroism


You were on level 3 of the Dungeon.
You worshipped Okawaru.
Okawaru was aware of your devotion.
You visited 1 branch of the dungeon, and saw 4 of its levels.

You collected 121 gold pieces.

Inventory:

Hand Weapons
 a - a +0 war axe (weapon)
Missiles
 d - 3 throwing nets (quivered)
 e - a javelin
Armour
 c - a +0 helmet
 h - a +0 chain mail (worn)
 s - a +0 pair of boots (worn)
Magical Staves
 i - a staff of air
Jewellery
 q - a ring of magical power (left hand)
Wands
 m - a wand of iceblast (8)
Scrolls
 g - 3 scrolls of blinking {unknown}
 j - a scroll of silence {unknown}
 l - 4 scrolls of identify {unknown}
 o - a scroll of teleportation {unknown}
 p - a scroll of magic mapping {unknown}
 t - a scroll of noise {unknown}
Potions
 b - a potion of might {unknown}
 f - a potion of ambrosia {unknown}
 k - a potion of curing {unknown}
 n - a potion of degeneration {unknown}


   Skills:
 + Level 2.2 Fighting
 + Level 4.3 Axes
 + Level 1.9 Throwing
 + Level 1.6 Armour
 + Level 3.0 Dodging


You had 3 spell levels left.
You didn't know any spells.
Your spell library was empty.

Dungeon Overview and Level Annotations

Branches:
Dungeon (4/15)             Temple (0/1) D:4

Altars:
Gozag
Okawaru

Shops:
D:2 =

Annotations:
D:3 3 runed translucent doors, hawla's ghost, amateur MeFE


Innate Abilities, Weirdness & Mutations

You have a pair of small antennae on your head.
Your movements are slightly less encumbered by armour. (ER -2)


Message History

You hear a shout! x2; You hear an angry hiss.
You see here a gold piece.
You see here a gold piece.
An orc comes into view. It is wielding a +2 vorpal flail.
The orc shouts!
The orc moves out of view.
An orc comes into view. It is wielding a +0 mace.
An orc comes into view. It is wielding a +0 flail.
The orc shouts!
The orc priest hits you but does no damage.
You slash the orc priest!
The orc priest is heavily wounded.
An orc comes into view. It is wielding a +0 falchion.
The orc priest hits you but does no damage. x2
The orc shouts!
You hit the orc priest.
The orc priest is almost dead.
The orc priest hits you but does no damage.
You slash the orc priest!
You kill the orc priest!
Okawaru accepts your kill.
A ball python comes into view.
The ball python hisses angrily.
The orc hits you but does no damage.
You hit the orc.
The orc is severely wounded.
The orc hits you with a +0 mace.
The orc hits you with a +2 vorpal flail!
* * * LOW HITPOINT WARNING * * *
x2 The orc hits you but does no damage.
Okay, then.
Okay, then.
It was a potion of flight.
You feel very buoyant.
You fly up into the air.
The orc barely misses you.
You closely miss the orc.
The orc is severely wounded.
You hit the orc.
The orc hits you with a +2 vorpal flail.
You die...

### .. . ##
.###...
#.#####.!.....
#..@So)#
#..oo.#.#
##..o## ..
##.#.# ..#
#.##.# ... #.#
.# .. #.# # .
#.# ####†##


You could see 4 orcs and a ball python.

Vanquished Creatures
  An orc priest (D:3)
  4 adders
  A worm (D:2)
  5 dart slugs
  3 ball pythons
  3 endoplasms
  4 goblins
  9 hobgoblins
  5 kobolds
  A quokka (D:1)
  7 bats
  2 frilled lizards (D:2)
  7 rats
52 creatures vanquished.

Vanquished Creatures (others)
  A plant (D:4)
1 creature vanquished.

Grand Total: 53 creatures vanquished

Notes
Turn   | Place    | Note
-------+----------+-------------------------------------------
     0 | D:1      | sneakypete the Demonspawn Gladiator began the quest for the
                  | Orb.
     0 | D:1      | Reached XP level 1. HP: 16/16 MP: 1/1
   292 | D:1      | Reached skill level 3 in Axes
   301 | D:1      | Gained mutation: Your movements are slightly less
                  | encumbered by armour. (ER -2) [demonic ancestry]
   301 | D:1      | Reached XP level 2. HP: 22/22 MP: 2/2
   723 | D:1      | Found a faded altar of an unknown god.
   755 | D:1      | Prayed at the altar of an unknown god.
   755 | D:1      | Became a worshipper of Warmaster Okawaru
   755 | D:1      | Reached * piety under Okawaru
  1137 | D:2      | Gained mutation: You have a pair of small antennae on your
                  | head. [demonic ancestry]
  1137 | D:2      | Reached XP level 3. HP: 24/27 MP: 3/3
  1503 | D:2      | Reached skill level 1 in Armour
  1630 | D:2      | Found Kunuoge's Jewellery Shop.
  1899 | D:3      | Found a runed translucent gate.
  1899 | D:3      | Found a runed translucent gate.
  1899 | D:3      | Found a runed translucent gate.
  1902 | D:3      | Reached XP level 4. HP: 33/33 MP: 4/4
  2061 | D:3      | Reached skill level 4 in Axes
  2287 | D:3      | Found an opulent altar of Gozag.
  2289 | D:3      | Noticed hawla's ghost (amateur MeFE)
  2313 | D:3      | You fall into a shaft and drop 1 floor!
  2637 | D:4      | Found a staircase to the Ecumenical Temple.
  2893 | D:3      | Found an opulent altar of Gozag.
  2927 | D:3      | Slain by an orc

Illustrated notes

Levels and vault maps discovered:
D:1:      grunt_arrival_lava_bath, layout_basic,
          hellmonk_ecumenical_altar_run_dry, minmay_stone_trees_small
D:2:      layout_rooms, serial_shops, nicolae_shop_trees, serial_corexii_hall,
          corexii_hall_statues_x, chequers_hall_statues_corner_a
D:3:      layout_loops_ring, nicolae_gozag_seed_capital,
          mainiacjoe_overflow_24_doors, ebering_ghost_gozag
D:4:      cheibrodos_old_hovel, layout_basic, trog_wizard,
          nicolae_hepliaklqana_hazy_memory, temple_doors_cd,
          gammafunk_ghost_smash, lightli_corner_chamber, uniq_duvessa

Skill      XL: |  1  2  3  4 |
---------------+-------------+-----
Axes           | 3 4 |  4.3
Dodging        | 3 |  3.0
Armour         | 1 |  1.6
Fighting       | |  2.2
Throwing       | |  1.9

Action                   |  1- 3 |  4- 6 || total
-------------------------+-------+-------++-------
Melee: War axe           |    94 |    34 ||   128
       Punch             |     1 |       ||     1
  Use: Potion            |     1 |     1 ||     2
Armor: Chain mail        |    78 |    24 ||   102
       Leather armour    |     1 |       ||     1
Dodge: Dodged            |    52 |    16 ||    68
